 Dungeon Crawl Stone Soup version 0.30.0-5-g1a98f26d00 (webtiles) character file.

Game seed: 8568059445194250688

65 howech the Twirler (level 3, 0/31 HPs)
             Began as a Minotaur Gladiator on May 12, 2023.
             Slain by Sigmund
             ... wielding a +0 scythe of freezing
              (5 damage)
             ... on level 3 of the Dungeon.
             The game lasted 00:04:14 (1462 turns).

howech the Twirler (Minotaur Gladiator)             Turns: 1462, Time: 00:04:14

Health: 0/31       AC:  9    Str: 18    XL:     3   Next: 94%
Magic:  2/2        EV:  8    Int:  7    God:
Gold:   69         SH:  0    Dex: 11    Spells: 2/2 levels left

rFire   . . .        a - +0 quarterstaff
rCold   . . .        (shield currently unavailable)
rNeg    . . .        m - +0 chain mail
rPois   .            c - +0 hat
rElec   .            (no cloak)
rCorr   .            (no gloves)
SInv    .            o - +0 pair of boots
Will    .....        (no amulet) Stlth
                     (no ring)
HPRegen 0.25/turn    (no ring)
MPRegen 0.08/turn

%: no passive effects
@: no status effects
A: horns 2, retaliatory headbutt
a: no special abilities


You were on level 3 of the Dungeon.
You visited 1 branch of the dungeon, and saw 3 of its levels.

You collected 69 gold pieces.

Inventory:

Hand Weapons
 a - a +0 quarterstaff (weapon)
Missiles
 d - 3 throwing nets (quivered)
 e - a javelin
 q - 5 poisoned darts
Armour
 b - a +0 leather armour
 c - a +0 hat (worn)
 m - a +0 chain mail (worn)
 o - a +0 pair of boots (worn)
Scrolls
 f - 2 scrolls of enchant armour {unknown}
 h - a scroll of fog {unknown}
 j - 3 scrolls of noise {unknown}
 p - a scroll of fear {unknown}
Potions
 g - a potion of ambrosia {unknown}
 i - 2 potions of curing {unknown}
 k - a potion of brilliance
 l - 2 potions of attraction {unknown}
 n - a potion of degeneration {unknown}


   Skills:
 + Level 3.1 Fighting
 * Level 4.4 Staves
 + Level 2.5 Throwing
 + Level 1.0 Armour
 + Level 3.8 Dodging


You had 2 spell levels left.
You didn't know any spells.
Your spell library contained the following spells:

 Spells                   Type           Power      Damage    Failure   Level
 Ozocubu's Armour         Ice            0%         N/A       100%        3
 Ozocubu's Refrigeration  Ice            0%         4d7       100%        7


Dungeon Overview and Level Annotations

Branches:
Dungeon (3/15)

Altars:
Kikubaaqudgha
Xom

Annotations:
D:3 Sigmund


Innate Abilities, Weirdness & Mutations

You have a pair of horns on your head.
You reflexively headbutt those who attack you in melee.


Message History

The kobold hits you but does no damage.
You hear a zap.
A puff of flame appears from out of thin air!
The puff of flame misses you.
The puff of flame hits the bat!
The bat dies!
Unknown command.
You feel less confused.
You feel sick.
The kobold throws a poisoned dart.
The poisoned dart hits you!
You are more poisoned.
You see here a bat corpse.
Unknown command.
You feel very sick.
You feel sick.
You feel sick.
You barely miss the kobold.
You feel sick. The kobold hits you with a +0 club.
You closely miss the kobold.
You feel sick. The kobold barely misses you.
The kobold hits you with a +0 club. Something hits you. Something freezes you.
You thump the kobold!
You kill the kobold!
You feel sick.
You feel sick.
Items here: $ ( ) †.
You feel sick.
You are no longer poisoned.
Something hits you.
* * * LOW HITPOINT WARNING * * *
Something freezes you.
* * * LOW HITPOINT WARNING * * *
You see here 9 gold pieces.
You hit something but do no damage. Your headbutt misses something.
You hear a zap.
A puff of flame appears from out of thin air!
The puff of flame hits you.
* * * LOW HITPOINT WARNING * * *
Unknown command.
You barely miss something.
You hear some strange, mumbled words.
Something tries to affect you, but you resist.
You sock something! Something hits you.
You die...

#......#...#### #####
#...)..........#####....
#............#.......###
.......#....# ##......#
............####.....#...
...###._.......(.)...#...
.........#...........#...
.......#{).......#####...
........@...###### ...
................# ...
.......†###.....#
........# #.....#
....#...# #.....#
..#.....# ####.... #
##....# .... ##.### ...
#.


There were no monsters in sight!

Vanquished Creatures
  Terence (D:2)
  4 dart slugs
  4 endoplasms
  A goblin (D:1)
  3 hobgoblins
  3 kobolds
  3 quokkas (D:2)
  6 ball pythons
  A bat (D:1)
  2 frilled lizards
  2 rats (D:1)
30 creatures vanquished.

Vanquished Creatures (others)
  A bat (D:3)
1 creature vanquished.

Grand Total: 31 creatures vanquished

Notes
Turn   | Place    | Note
-------+----------+-------------------------------------------
     0 | D:1      | howech the Minotaur Gladiator began the quest for the Orb.
     0 | D:1      | Reached XP level 1. HP: 18/18 MP: 0/0
   146 | D:1      | Reached XP level 2. HP: 25/25 MP: 1/1
   359 | D:1      | Found a faded altar of an unknown god.
   570 | D:1      | Reached skill level 4 in Staves
   997 | D:2      | Reached XP level 3. HP: 30/30 MP: 2/2
  1072 | D:2      | Noticed Terence
  1077 | D:2      | Killed Terence
  1174 | D:2      | Reached skill level 1 in Armour
  1367 | D:3      | Found an ancient bone altar of Kikubaaqudgha.
  1436 | D:3      | Found a shimmering altar of Xom.
  1442 | D:3      | Noticed Sigmund
  1462 | D:3      | Slain by Sigmund

Illustrated notes

Levels and vault maps discovered:
D:1:      dpeg_arrival_snail, layout_basic, dreamdust_ecumenical_altar_grove,
          grunt_decor_cap
D:2:      layout_basic, uniq_terence
D:3:      layout_basic, mainiacjoe_overflow_surrounded_room,
          nicolae_kikubaaqudgha_miasma_corner, mainiacjoe_overflow_tiny_flanked,
          serial_shops, nicolae_shop_bloodbath_and_beyond,
          minmay_increasing_density, uniq_sigmund

Skill      XL: |  1  2  3 |
---------------+----------+-----
Staves         | 4 |  4.4
Fighting       | 3 |  3.1
Armour         | 1 |  1.0
Throwing       | |  2.5
Dodging        | |  3.8

Action                     || total
---------------------------++-------
  Melee: Quarterstaff      ||    71
         Headbutt          ||     8
 Armour: Leather armour    ||     6
         Chain mail        ||    26
  Dodge: Dodged            ||    38
